| TOP OF THE 1ST |
|
Atlanta Braves batting - Pitching for New York Yankees : LHP Arturo Eli
|
|
Pitching: LHP Arturo Eli
|
|
|
Batting: RHB Jeckel Hester
|
0-0: Ball 1-0: Foul Ball, location: 2F 1-1: Called Strike 1-2: Ball 2-2: Strikes out looking
|
|
Batting: RHB Luis Torres
|
0-0: Ball 1-0: Ball 2-0: Ball 3-0: Base on Balls
|
|
Batting: RHB Jordan Martin
|
0-0: Ball 1-0: Ball Luis Torres steals 2nd base 2-0: Swinging Strike 2-1: Fly out, F9 (Flyball, 89S, EV 91.2 MPH)
|
|
Batting: RHB Adriaan Pieters
|
0-0: Ball 1-0: Called Strike 1-1: Ball 2-1: Called Strike 2-2: Ball 3-2: Foul Ball, location: 2F 3-2: Foul Ball, location: 2F 3-2: Foul Ball, location: 2F 3-2: Base on Balls
|
|
Batting: RHB Ike Trout
|
0-0: Called Strike 0-1: Ball 1-1: Swinging Strike 1-2: Strikes out swinging
|
| Top of the 1st over - 0 runs, 0 hits, 0 errors, 2 left on base; Atlanta 0 - New York 0 |
| BOTTOM OF THE 1ST |
|
New York Yankees batting - Pitching for Atlanta Braves : RHP Matt Sigurdson
|
|
Pitching: RHP Matt Sigurdson
|
|
|
Batting: LHB Jason Peck
|
0-0: Ball 1-0: Foul Ball, location: 2F 1-1: Foul Ball, location: 2F 1-2: Foul Ball, location: 2F 1-2: Strikes out swinging
|
|
Batting: RHB Russ Shambaugh
|
0-0: Ball 1-0: Reached on error, E4 (Groundball, 34, EV 88.1 MPH)
|
|
Batting: SHB Bartholomeu Chambino
|
0-0: Swinging Strike 0-1: Foul Ball, location: 2F 0-2: Ball 1-2: Ball 2-2: Foul Ball, location: 2F 2-2: Foul Ball, location: 2F 2-2: Ball 3-2: Base on Balls
|
|
Batting: LHB David Bramble
|
0-0: Ball 1-0: Called Strike 1-1: Grounds into double play, 4-6-3 (Groundball, 4, EV 108.8 MPH)
|
| Bottom of the 1st over - 0 runs, 0 hits, 1 error, 1 left on base; Atlanta 0 - New York 0 |
| TOP OF THE 2ND |
|
Atlanta Braves batting - Pitching for New York Yankees : LHP Arturo Eli
|
|
Batting: RHB Xavier Davis
|
0-0: Ball 1-0: Foul Ball, location: 2F 1-1: SINGLE (Line Drive, 8RS, EV 86.9 MPH)
|
|
Batting: RHB Jared Speck
|
0-0: Called Strike 0-1: Ball 1-1: Ball 2-1: Foul Ball, location: 2F 2-2: Ball 3-2: Fielders Choice at 2nd, 1-6 (Groundball, 13S, EV 66.9 MPH)
|
|
Batting: RHB Liangde Li
|
0-0: Ball 1-0: Ball Jared Speck is caught stealing 2nd base 2-4 2-0: Ball 3-0: Called Strike 3-1: SINGLE (Groundball, 56D, EV 102.5 MPH)
|
|
Batting: RHB Tade Post
|
0-0: Called Strike 0-1: Ball 1-1: Ball Liangde Li steals 2nd base 2-1: Ball 3-1: SINGLE (Groundball, 4MD, EV 106.2 MPH) Liangde Li to third Runner from 3rd tries for Home, SAFE, throw by CF to home
|
|
Batting: RHB Jeckel Hester
|
0-0: Ball 1-0: Called Strike Tade Post is caught stealing 2nd base 2-4
|
| Top of the 2nd over - 1 run, 3 hits, 0 errors, 0 left on base; Atlanta 1 - New York 0 |
| BOTTOM OF THE 2ND |
|
New York Yankees batting - Pitching for Atlanta Braves : RHP Matt Sigurdson
|
|
Batting: LHB Yao-pang Tien
|
0-0: Ball 1-0: Swinging Strike 1-1: SOLO HOME RUN (Flyball, 89XD, EV 99.4 MPH), Distance : 411 ft
|
|
Batting: RHB Geni Prawiranega
|
0-0: Ball 1-0: DOUBLE (Line Drive, 7LM, EV 101.2 MPH)
|
|
Batting: RHB James Boynton
|
0-0: Ground out 5-3 (Groundball, 56, EV 88.1 MPH)
|
|
Batting: LHB Joel Vera
|
0-0: Ground out 4-3 (Groundball, 4, EV 104.4 MPH) Geni Prawiranega to third
|
|
Batting: LHB Kazuyoshi Nakamura
|
0-0: Called Strike 0-1: Ball 1-1: Ball 2-1: DOUBLE (Flyball, 7LD, EV 111.2 MPH) Geni Prawiranega scores
|
|
Batting: LHB Jason Peck
|
0-0: Ball 1-0: Fly out, F9 (Flyball, 9S, EV 73.1 MPH)
|
| Bottom of the 2nd over - 2 runs, 3 hits, 0 errors, 1 left on base; Atlanta 1 - New York 2 |
| TOP OF THE 3RD |
|
Atlanta Braves batting - Pitching for New York Yankees : LHP Arturo Eli
|
|
Batting: RHB Jeckel Hester
|
0-0: Called Strike 0-1: Ball 1-1: Foul Ball, location: 2F 1-2: Ball 2-2: Fly out, F2 (Popup, 25F, EV 81.2 MPH)
|
|
Batting: RHB Luis Torres
|
0-0: Ball 1-0: Swinging Strike 1-1: Ball 2-1: Called Strike 2-2: Strikes out looking
|
|
Batting: RHB Jordan Martin
|
0-0: Called Strike 0-1: Foul Ball, location: 2F 0-2: Ball 1-2: Foul Ball, location: 2F 1-2: Ball 2-2: Fly out, F8 (Flyball, 8LD, EV 96.9 MPH)
|
| Top of the 3rd over - 0 runs, 0 hits, 0 errors, 0 left on base; Atlanta 1 - New York 2 |
| BOTTOM OF THE 3RD |
|
New York Yankees batting - Pitching for Atlanta Braves : RHP Matt Sigurdson
|
|
Batting: RHB Russ Shambaugh
|
0-0: Ball 1-0: Bunted foul 1-1: Foul Ball, location: 2F 1-2: Ball 2-2: Strikes out swinging
|
|
Batting: SHB Bartholomeu Chambino
|
0-0: Ball 1-0: Swinging Strike 1-1: Foul Ball, location: 2F 1-2: Strikes out swinging
|
|
Batting: LHB David Bramble
|
0-0: Called Strike 0-1: Called Strike 0-2: Ball 1-2: Ball 2-2: SINGLE (Groundball, 3D, EV 104.4 MPH)
|
|
Batting: LHB Yao-pang Tien
|
0-0: Ball 1-0: Ball 2-0: Ball 3-0: Base on Balls David Bramble to second
|
|
Batting: RHB Geni Prawiranega
|
0-0: Ball 1-0: Called Strike 1-1: Ball 2-1: Foul Ball, location: 2F 2-2: Foul Ball, location: 2F 2-2: Ball 3-2: Strikes out looking
|
| Bottom of the 3rd over - 0 runs, 1 hit, 0 errors, 2 left on base; Atlanta 1 - New York 2 |
| TOP OF THE 4TH |
|
Atlanta Braves batting - Pitching for New York Yankees : LHP Arturo Eli
|
|
Batting: RHB Adriaan Pieters
|
0-0: Ball 1-0: Swinging Strike 1-1: Ball 2-1: Foul Ball, location: 2F 2-2: Strikes out swinging
|
|
Batting: RHB Ike Trout
|
0-0: Ball 1-0: Foul Ball, location: 2F 1-1: Ball 2-1: Ball 3-1: Base on Balls
|
|
Batting: RHB Xavier Davis
|
0-0: Foul Ball, location: 2F 0-1: Called Strike 0-2: TRIPLE (Flyball, 89XD, EV 88.8 MPH) Ike Trout scores
|
|
Batting: RHB Jared Speck
|
0-0: Foul Ball, location: 2F 0-1: Ball 1-1: Swinging Strike 1-2: Strikes out looking
|
|
Batting: RHB Liangde Li
|
0-0: Ball 1-0: Ball 2-0: Foul Ball, location: 2F 2-1: Swinging Strike 2-2: Foul Ball, location: 2F 2-2: Strikes out looking
|
| Top of the 4th over - 1 run, 1 hit, 0 errors, 1 left on base; Atlanta 2 - New York 2 |
| BOTTOM OF THE 4TH |
|
New York Yankees batting - Pitching for Atlanta Braves : RHP Matt Sigurdson
|
|
Batting: RHB James Boynton
|
0-0: Called Strike 0-1: Ground out 3-1 (Groundball, 34, EV 84.4 MPH)
|
|
Batting: LHB Joel Vera
|
0-0: Ball 1-0: Ball 2-0: Foul Ball, location: 2F 2-1: Called Strike 2-2: Ball 3-2: Strikes out looking
|
|
Batting: LHB Kazuyoshi Nakamura
|
0-0: Ball 1-0: Ground out 1-3 (Groundball, 34S, EV 71.2 MPH)
|
| Bottom of the 4th over - 0 runs, 0 hits, 0 errors, 0 left on base; Atlanta 2 - New York 2 |
| TOP OF THE 5TH |
|
Atlanta Braves batting - Pitching for New York Yankees : LHP Arturo Eli
|
|
Batting: RHB Tade Post
|
0-0: Called Strike 0-1: Called Strike 0-2: Ball 1-2: Foul Ball, location: 2F 1-2: Strikes out swinging
|
|
Batting: RHB Jeckel Hester
|
0-0: Ball 1-0: Swinging Strike 1-1: Ball 2-1: SINGLE (Groundball, 23, EV 73.1 MPH) (infield hit)
|
|
Batting: RHB Luis Torres
|
0-0: Ball 1-0: Ball Jeckel Hester is caught stealing 2nd base 2-4 2-0: Ball 3-0: Called Strike 3-1: Swinging Strike 3-2: SINGLE (Groundball, 3D, EV 102.5 MPH)
|
|
Batting: RHB Jordan Martin
|
0-0: Fly out, F9 (Flyball, 89M, EV 85.0 MPH)
|
| Top of the 5th over - 0 runs, 2 hits, 0 errors, 1 left on base; Atlanta 2 - New York 2 |
| BOTTOM OF THE 5TH |
|
New York Yankees batting - Pitching for Atlanta Braves : RHP Matt Sigurdson
|
|
Batting: LHB Jason Peck
|
0-0: Ball 1-0: Ball 2-0: Ball 3-0: Called Strike 3-1: Base on Balls
|
|
Batting: RHB Russ Shambaugh
|
0-0: Called Strike 0-1: Foul Ball, location: 2F 0-2: Ball 1-2: Strikes out swinging
|
|
Batting: SHB Bartholomeu Chambino
|
0-0: Called Strike 0-1: Foul Ball, location: 2F 0-2: Ball 1-2: Ball 2-2: Foul Ball, location: 2F 2-2: Foul Ball, location: 2F 2-2: Ball 3-2: Ground out 4-3 (Groundball, 34D, EV 105.0 MPH) Jason Peck to second
|
|
Batting: LHB David Bramble
|
0-0: Ball 1-0: Swinging Strike 1-1: Ball 2-1: Foul Ball, location: 2F 2-2: Strikes out swinging
|
| Bottom of the 5th over - 0 runs, 0 hits, 0 errors, 1 left on base; Atlanta 2 - New York 2 |
| TOP OF THE 6TH |
|
Atlanta Braves batting - Pitching for New York Yankees : LHP Arturo Eli
|
|
Pitching: RHP Dave Barry
|
|
|
Batting: RHB Adriaan Pieters
|
0-0: Called Strike 0-1: Fly out, F8 (Flyball, 8RXD, EV 96.2 MPH)
|
|
Batting: RHB Ike Trout
|
0-0: SINGLE (Line Drive, 4MD, EV 97.5 MPH)
|
|
Batting: RHB Xavier Davis
|
0-0: Ball 1-0: Called Strike 1-1: Ball 2-1: Foul Ball, location: 2F 2-2: Ball 3-2: Fly out, F9 (Flyball, 9S, EV 88.8 MPH)
|
|
Batting: RHB Jared Speck
|
0-0: Ball 1-0: Called Strike 1-1: Swinging Strike Pickoff Throw to First - Out! 1-3
|
| Top of the 6th over - 0 runs, 1 hit, 0 errors, 0 left on base; Atlanta 2 - New York 2 |
| BOTTOM OF THE 6TH |
|
New York Yankees batting - Pitching for Atlanta Braves : RHP Matt Sigurdson
|
|
Batting: LHB Yao-pang Tien
|
0-0: Called Strike 0-1: Called Strike 0-2: SINGLE (Line Drive, 6MD, EV 95.0 MPH)
|
|
Batting: RHB Geni Prawiranega
|
0-0: Ball 1-0: Ball 2-0: Foul Ball, location: 2F 2-1: Ball 3-1: SINGLE (Groundball, 56, EV 98.8 MPH) Yao-pang Tien to second Runner from 2nd tries for 3rd, SAFE, throw by LF made at trailing runner, OUT! 7-4
|
|
Batting: RHB James Boynton
|
0-0: Ball 1-0: Foul Ball, location: 2F 1-1: Fly out, F8 (Line Drive, 78S, EV 95.6 MPH)
|
|
Batting: LHB Joel Vera
|
0-0: Ball 1-0: Swinging Strike 1-1: Foul Ball, location: 2F 1-2: Ball 2-2: Ball 3-2: Foul Ball, location: 2F 3-2: Foul Ball, location: 2F 3-2: Foul Ball, location: 2F 3-2: Fly out, F7 (Flyball, 7, EV 90.6 MPH)
|
| Bottom of the 6th over - 0 runs, 2 hits, 0 errors, 1 left on base; Atlanta 2 - New York 2 |
| TOP OF THE 7TH |
|
Atlanta Braves batting - Pitching for New York Yankees : RHP Dave Barry
|
|
Pitching: RHP Jose Tavira
|
|
|
Pinch Hitting: LHB Colin Worthington
|
0-0: Swinging Strike 0-1: Ball 1-1: Ground out 5-3 (Groundball, 56S, EV 70.6 MPH)
|
|
Batting: RHB Liangde Li
|
0-0: Called Strike 0-1: Ball 1-1: Foul Ball, location: 2F 1-2: Ball 2-2: Ball 3-2: Ground out 5-3 (Groundball, 56S, EV 75.6 MPH)
|
|
Batting: RHB Tade Post
|
0-0: Called Strike 0-1: Ground out 5-3 (Groundball, 56, EV 100.6 MPH)
|
| Top of the 7th over - 0 runs, 0 hits, 0 errors, 0 left on base; Atlanta 2 - New York 2 |
| BOTTOM OF THE 7TH |
|
New York Yankees batting - Pitching for Atlanta Braves : RHP Matt Sigurdson
|
|
Pitching: RHP Gavin Nelson
|
|
|
Now in LF: Colin Worthington
|
|
|
Batting: LHB Kazuyoshi Nakamura
|
0-0: Fly out, F7 (Flyball, 7, EV 76.9 MPH)
|
|
Batting: LHB Jason Peck
|
0-0: Called Strike 0-1: SOLO HOME RUN (Flyball, 9D, EV 92.5 MPH), Distance : 359 ft
|
|
Batting: RHB Russ Shambaugh
|
0-0: Swinging Strike 0-1: Ball 1-1: Ground out 6-3 (Groundball, 56, EV 108.1 MPH)
|
|
Batting: SHB Bartholomeu Chambino
|
0-0: Foul Ball, location: 2F 0-1: Called Strike 0-2: Ball 1-2: Ball 2-2: Foul Ball, location: 2F 2-2: Strikes out swinging
|
| Bottom of the 7th over - 1 run, 1 hit, 0 errors, 0 left on base; Atlanta 2 - New York 3 |
| TOP OF THE 8TH |
|
Atlanta Braves batting - Pitching for New York Yankees : RHP Jose Tavira
|
|
Batting: RHB Jeckel Hester
|
0-0: Called Strike 0-1: Ball 1-1: Reached on error, E4 (Groundball, 4, EV 101.9 MPH)
|
|
Batting: RHB Luis Torres
|
0-0: Called Strike 0-1: Called Strike 0-2: Strikes out looking
|
|
Batting: RHB Jordan Martin
|
0-0: Ball 1-0: 2-RUN HOME RUN (Flyball, 7LD, EV 93.8 MPH), Distance : 334 ft
|
|
Batting: RHB Adriaan Pieters
|
0-0: Called Strike 0-1: DOUBLE (Line Drive, 9LM, EV 102.5 MPH)
|
|
Batting: RHB Ike Trout
|
0-0: Ball 1-0: Ball 2-0: SINGLE (Line Drive, 9S, EV 106.2 MPH) Adriaan Pieters to third
|
|
Batting: RHB Xavier Davis
|
0-0: Foul Ball, location: 2F 0-1: Ball 1-1: SINGLE (Groundball, 4MD, EV 103.8 MPH) Adriaan Pieters scores Ike Trout to second Runner from 2nd tries for 3rd, SAFE, throw by CF made to third Xavier Davis to second
|
|
Batting: LHB Colin Worthington
|
0-0: Intentional Walk
|
|
Batting: RHB Liangde Li
|
0-0: Ball 1-0: SINGLE (Groundball, 4, EV 106.2 MPH) (infield hit) Ike Trout scores Xavier Davis to third Colin Worthington to second
|
|
Pitching: RHP Bao-qing Bu
|
|
|
Batting: RHB Tade Post
|
0-0: Ball 1-0: Ball 2-0: Foul Ball, location: 2F 2-1: Ball 3-1: Swinging Strike 3-2: Strikes out swinging
|
|
Batting: RHB Jeckel Hester
|
0-0: Ball 1-0: Ground out 5-3 (Groundball, 56S, EV 85.0 MPH)
|
| Top of the 8th over - 4 runs, 5 hits, 1 error, 3 left on base; Atlanta 6 - New York 3 |
| BOTTOM OF THE 8TH |
|
New York Yankees batting - Pitching for Atlanta Braves : RHP Gavin Nelson
|
|
Batting: LHB David Bramble
|
0-0: Ball 1-0: Called Strike 1-1: Called Strike 1-2: Ground out 4-3 (Groundball, 34, EV 82.5 MPH)
|
|
Batting: LHB Yao-pang Tien
|
0-0: Called Strike 0-1: Foul Ball, location: 2F 0-2: Ball 1-2: Ball 2-2: SINGLE (Groundball, 23, EV 61.9 MPH) (infield hit)
|
|
Batting: RHB Geni Prawiranega
|
0-0: Fly out, F7 (Flyball, 78S, EV 87.5 MPH)
|
|
Batting: LHB Evan Torraville
|
0-0: DOUBLE (Line Drive, 89XD, EV 103.8 MPH) Yao-pang Tien to third Runner from 3rd tries for Home, SAFE, throw by RF to home
|
|
Batting: LHB Joel Vera
|
0-0: SINGLE (Line Drive, 4MD, EV 109.4 MPH) Evan Torraville to third Runner from 3rd tries for Home, throw by CF and OUT! 8-2
|
| Bottom of the 8th over - 1 run, 3 hits, 0 errors, 1 left on base; Atlanta 6 - New York 4 |
| TOP OF THE 9TH |
|
Atlanta Braves batting - Pitching for New York Yankees : RHP Bao-qing Bu
|
|
Batting: RHB Luis Torres
|
0-0: Called Strike 0-1: Fly out, F9 (Flyball, 89S, EV 73.1 MPH)
|
|
Batting: RHB Jordan Martin
|
0-0: Ball 1-0: Swinging Strike 1-1: Swinging Strike 1-2: Strikes out looking
|
|
Batting: RHB Adriaan Pieters
|
0-0: Called Strike 0-1: Ball 1-1: Swinging Strike 1-2: Ball 2-2: Ball 3-2: Strikes out looking
|
| Top of the 9th over - 0 runs, 0 hits, 0 errors, 0 left on base; Atlanta 6 - New York 4 |
| BOTTOM OF THE 9TH |
|
New York Yankees batting - Pitching for Atlanta Braves : RHP Gavin Nelson
|
|
Pitching: RHP Victor Munoz
|
|
|
Batting: LHB Kazuyoshi Nakamura
|
0-0: Called Strike 0-1: Called Strike 0-2: Ball 1-2: Ball 2-2: Ball 3-2: Reached on error, E4 (Groundball, 4D, EV 109.4 MPH)
|
|
Batting: LHB Jason Peck
|
0-0: Fly out, F8 (Flyball, 78M, EV 88.8 MPH)
|
|
Batting: RHB Russ Shambaugh
|
0-0: Ball 1-0: Foul Ball, location: 2F 1-1: Ball 2-1: Grounds into double play, 4-6-3 (Groundball, 4S, EV 80.0 MPH)
|
| Bottom of the 9th over - 0 runs, 0 hits, 1 error, 0 left on base; Atlanta 6 - New York 4 |
|